 Dungeon Crawl Stone Soup version 0.27.1-33-g824d729ab1 (webtiles) character file.

Game seed: 1093163894000702800

2247887 spimroxx the Conqueror (level 27, 202/202 HPs)
             Began as a Djinni Ice Elementalist on Dec 7, 2021.
             Was a High Priest of Ashenzari.
             Escaped with the Orb
             ... and 4 runes on Dec 8, 2021!
             The game lasted 10:42:04 (79895 turns).

spimroxx the Conqueror (Djinni Ice Elementalist)   Turns: 79895, Time: 10:42:05

Health: 202/202    AC: 15    Str: 13    XL:     27
Gold:   8541       EV: 26    Int: 38    God:    Ashenzari [*****.] SH: 20 Dex: 20

rFire    + + +     SeeInvis +   Z - staff of conjuration (curse) {Fort, Self}
rCold    + + .     Faith    .   e - +5 kite shield of the Bound Incredulity {Self, Fort} (curse)
rNeg     + + +     Spirit   .   E - +2 leather armour of Desmomancy {Drain rN+++ Dex+4, Self, Cun} (curse)
rPois    ∞         Reflect  .   d - +2 helmet "Mysticism of Ashenzari" {Int+3, Fort, Melee} (curse)
rElec    .         Harm     .   c - scarf {rC+ rF+}
rCorr    .         Rampage  .   R - +2 pair of gloves "Negligence of Ashenzari" {Stlth+, Melee, Self} (curse)
Will     +++..     Clarity  +   (boots unavailable)
Stlth    ++........             B - amulet "Share My Foul Odors" {Regen+ Int+2, Evo, Self} (curse)
HPRegen  1.43/turn              a - ring of Ufoohic {rC+ rN+ Will+ MP+9 Stlth-}
MPRegen  0.00/turn              X - ring "Share My Annoyance" {rPois rC+ Str+5 Int+6, Self, Cun} (curse)

@: flying, studying 3 skills
A: sickness immunity, fire resistance 2, cold vulnerability 1, float, innate
caster, hp casting, extra vitality 1, screaming 1, inability to read while
threatened
0: Orb of Zot
}: 4/15 runes: barnacled, slimy, silver, gossamer
a: Renounce Religion, Curse Item, Shatter the Chains


You escaped.
You worshipped Ashenzari.
Ashenzari was extremely pleased with you.
You visited 15 branches of the dungeon, and saw 64 of its levels.
You also visited: Trove, Ice Cave and Desolation.

You collected 10324 gold pieces.
You spent 1783 gold pieces at shops.

Inventory:

Missiles
 H - 8 throwing nets
Armour
 c - a scarf of resistance (worn)
 d - the cursed +2 helmet "Mysticism of Ashenzari" (worn) {Int+3, Fort, Melee}
   (You found it on level 2 of the Depths)

   It has a curse which improves the following skills: Fortitude: Armour and
   Shields.
   Melee Combat: Short Blades, Long Blades, Axes, Maces & Flails, Polearms,
   Staves and Unarmed Combat.
 e - the cursed +5 kite shield of the Bound Incredulity (worn) {Self, Fort}
   (You took it off Donald on level 2 of the Orcish Mines)

   It has a curse which improves the following skills: Introspection: Fighting
   and Spellcasting.
   Fortitude: Armour and Shields.
 y - a scarf of repulsion
 E - the cursed +2 leather armour of Desmomancy (worn) {Drain rN+++ Dex+4, Self, Cun}
   (You bought it in a shop on level 4 of the Dungeon)

   Dex:       It affects your dexterity (+4).
   rN:        It renders you almost immune to negative energy.
   Drain:     It drains your maximum health when unequipped.
   It has a curse which improves the following skills: Introspection: Fighting
   and Spellcasting.
   Cunning:   Dodging and Stealth.
 R - the cursed +2 pair of gloves "Negligence of Ashenzari" (worn) {Stlth+, Melee, Self}
   (You bought it in a shop on level 13 of the Dungeon)

   It has a curse which improves the following skills: Melee Combat: Short
   Blades, Long Blades, Axes, Maces & Flails, Polearms, Staves and Unarmed
   Combat.
   Introspection: Fighting and Spellcasting.
Magical Staves
 Z - a cursed staff of conjuration (weapon) {Fort, Self}
Jewellery
 a - the ring of Ufoohic (left hand) {rC+ rN+ Will+ MP+9 Stlth-}
   (You bought it in a shop on level 8 of the Dungeon)

   [ring of magical power]

   rC:        It protects you from cold.
   rN:        It protects you from negative energy.
   MP:        It affects your magic capacity (+9).
   Will:      It increases your willpower.
   Stlth:     It makes you less stealthy.
 r - the ring "Woedaj" {Ice *Corrode *Slow Will+++ Dex+2}
   (You took it off a vault warden on level 5 of the Vaults)

   [ring of ice]

   It enhances your ice magic.
   Dex:       It affects your dexterity (+2).
   rF:        It makes you vulnerable to fire.
   rC:        It protects you from cold.
   *Corrode:  It may corrode you when you take damage.
   *Slow:     It may slow you when you take damage.
   Will:      It greatly increases your willpower.
 t - the amulet "Ubbissia" {Acrobat rF+ Will+ Dex+3}
   (You found it on level 3 of the Crypt)

   [amulet of the acrobat]

   It increases your evasion while moving and waiting.
   Dex:       It affects your dexterity (+3).
   rF:        It protects you from fire.
   Will:      It increases your willpower.
 B - the cursed amulet "Share My Foul Odors" (around neck) {Regen+ Int+2, Evo, Self}
   (You found it on level 7 of the Dungeon)

   [amulet of regeneration]

   Int:       It affects your intelligence (+2).
   Regen:     It increases your rate of health regeneration.
   It has a curse which improves the following skills: Evocations: Evocations.
   Introspection: Fighting and Spellcasting.
 I - a ring of fire
 J - the amulet "Liklon" {Regen+ Int+2}
   (You found it on level 5 of the Vaults)

   [amulet of regeneration]

   Int:       It affects your intelligence (+2).
   Regen:     It increases your rate of health regeneration.
 U - a ring of the Octopus King {Fly AC+1 EV+1 Str+1 Int+1 Dex+1}
   (You found it on level 5 of the Vaults)

   [ring of flight]

   AC:        It affects your AC (+1).
   EV:        It affects your evasion (+1).
   Str:       It affects your strength (+1).
   Int:       It affects your intelligence (+1).
   Dex:       It affects your dexterity (+1).
   Fly:       It grants you flight.
 X - the cursed ring "Share My Annoyance" (right hand) {rPois rC+ Str+5 Int+6, Self, Cun}
   (You found it on level 6 of the Lair of Beasts)

   [ring of intelligence]

   Str:       It affects your strength (+5).
   Int:       It affects your intelligence (+6).
   rC:        It protects you from cold.
   rPois:     It protects you from poison.
   It has a curse which improves the following skills: Introspection: Fighting
   and Spellcasting.
   Cunning:   Dodging and Stealth.
Wands
 h - a wand of paralysis (16)
 i - a wand of polymorph (42)
 n - a wand of iceblast (75)
 o - a wand of digging (19)
 v - a wand of mindburst (51)
 G - a wand of charming (53)
 O - a wand of acid (75)
 P - a wand of flame (250)
Scrolls
 b - 2 scrolls of blinking
 f - 32 scrolls of teleportation
 g - a scroll of holy word
 m - 18 scrolls of enchant weapon
 q - 2 scrolls of fog
 s - 5 scrolls of fear
 u - a scroll of summoning
 L - 7 scrolls of silence
 N - 7 scrolls of immolation
 T - 3 scrolls of brand weapon
 V - 8 scrolls of enchant armour
Potions
 j - 3 potions of heal wounds
 l - 2 potions of curing
 p - 11 potions of ambrosia
 w - 6 potions of brilliance
 z - 8 potions of resistance
 A - 11 potions of might
 C - 2 potions of cancellation
 D - 7 potions of invisibility
 Q - 8 potions of berserk rage
 S - 3 potions of mutation
 Y - 5 potions of haste
Miscellaneous
 x - a condenser vane
 F - the horn of Geryon
 K - a box of beasts
 W - a tin of tremorstones (2/2)


   Skills:
 O Level 27 Fighting
 - Level 14.3(19.0) Armour
 - Level 17.1(20.4) Dodging
 * Level 12.5(16.1) Stealth
 - Level 12.4(17.2) Shields
 * Level 26.1(27) Spellcasting
 - Level 9.5(12.0) Evocations


You couldn't memorise any spells.
You knew the following spells:

 Your Spells              Type           Power      Damage    Failure   Level
a - Freeze                Ice            100%       1d11      0%          1
b - Iron Shot             Conj/Erth      78%        9d14      0%          6
c - Ozocubu's Armour      Ice            100%       N/A       0%          3
d - Hailstorm             Conj/Ice       100%       3d20      0%          4
e - Shock                 Conj/Air       100%       1d9       0%          1
f - Cause Fear            Hex            65%        N/A       0%          4
g - Portal Projectile     Hex/Tloc       100%       N/A       0%          3
h - Passage of Golubria   Tloc           N/A        N/A       0%          4
i - Eringya's Noxious Bo  Tmut/Pois      65%        N/A       0%          6
j - Simulacrum            Ice/Necr       65%        N/A       0%          6
k - Shatter               Erth           65%        3d48*     1%          9
l - Borgnjor's Revivific  Necr           65%        N/A       1%          8
n - Infestation           Necr           65%        N/A       1%          8
s - Static Discharge      Conj/Air       100%       N/A       0%          2
v - Freezing Cloud        Conj/Ice/Air   78%        6-21      0%          5
x - Frozen Ramparts       Ice            100%       1d12      0%          3
y - Death's Door          Necr           65%        N/A       1%          9
Your spell library was empty.

Dungeon Overview and Level Annotations

Branches:
Dungeon (15/15)            Temple (1/1) D:4            Lair (6/6) D:11
 Shoals (4/4) Lair:2       Spider (4/4) Lair:2        Slime (5/5) Lair:6
    Orc (2/2) D:11            Elf (3/3) Orc:2        Vaults (5/5) D:14
  Crypt (3/3) Vaults:2       Tomb (1/3) Crypt:3      Depths (5/5) D:15
   Hell (visited)             Dis (0/7) Hell            Geh (4/7) Hell
    Coc (0/7) Hell            Tar (0/7) Hell            Zot (5/5) Depths:5
  IceCv (visited)         Desolation (visited)

Altars:
Ashenzari
Cheibriados
Dithmenos
Elyvilon
Fedhas
Gozag
Hepliaklqana
Kikubaaqudgha
Makhleb
Nemelex Xobeh
Okawaru
Qazlal
Ru
Sif Muna
Trog
Uskayaw
Vehumet
Wu Jian
Xom
Yredelemnul
Zin
The Shining One
Beogh

Shops:
D:4 [:*[   D:8 =:   D:13 [   Orc:2 [*:(   Elf:1 *   Vaults:2 [   Vaults:3 ?
Depths:1 *   Depths:3 :==

Portals:
Hell: Depths:1 Depths:2 Depths:3 Depths:4 Depths:5
Abyss: Depths:4
Pandemonium: Depths:3 Depths:5
Ziggurat: Depths:5

Annotations:
D:4 Natasha
D:9 Boris
Shoals:3 exclusion: oklob plant
Elf:1 6 runed translucent doors, Vivir's ghost, adept MiFi
Vaults:3 3 runed translucent doors, quaternion's ghost, veteran MiFi
Vaults:4 3 runed translucent doors, hyperkahler's ghost, veteran MiFi
Zot:1 2 transporters, Beuseq's ghost, master GnFi; Pax Tuynn's ghost, legendary GrIE


Innate Abilities, Weirdness & Mutations

You are immune to sickness and miasma.
You are immune to poison.
Your flesh is very heat resistant. (rF++)
You are vulnerable to cold. (rC-)
You float through the air rather than walking.
You learn spells naturally, not from books.
Your magical power is your life essence.
You have superior vitality. (+4 HP)
You occasionally shout uncontrollably at your foes.
You sometimes lose the ability to read scrolls when taking damage.


Message History

You feel a surge of power!
The iron shot misses the Orb Guardian.
Casting: Iron Shot (safe; 0% risk of failure)
Confirm with . or Enter, or press ? or * to list all spells.
Aiming: Iron Shot (safe; 0% risk of failure)
Press: ? - help, Shift-Dir - straight line, f/p - Orb Guardian
Aim: an Orb Guardian (76% to hit)
You feel a surge of power!
The iron shot hits the Orb Guardian!!!!
The Orb Guardian is almost dead.
You block the Orb Guardian's attack.
Casting: Iron Shot (safe; 0% risk of failure)
Confirm with . or Enter, or press ? or * to list all spells.
You don't know that spell.
Casting: Iron Shot (safe; 0% risk of failure)
Confirm with . or Enter, or press ? or * to list all spells.
Aiming: Iron Shot (safe; 0% risk of failure)
Press: ? - help, Shift-Dir - straight line, f/p - Orb Guardian
Aim: an Orb Guardian (almost dead, 76% to hit)
You feel a surge of power!
The iron shot hits the Orb Guardian!!!!
You kill the Orb Guardian!
There is an escape hatch in the ceiling here.
A mysterious force pulls you upwards. The hatch slams shut behind you.
You feel yourself speed up.
There is a stone staircase leading up here.
You fly upwards.
There is a stone staircase leading down here.
Things that are here:
17 stones; a +0 dagger; a +0 hunting sling You see here a +0 dagger of speed.
There is a stone staircase leading up here.
Items here: ( ))).
You fly upwards.
There is a stone staircase leading down here.
Your extra speed is starting to run out.
You feel yourself slow down.
You sense a monster nearby.
A Tzitzimitl comes into view.
The Tzitzimitl roars!
The Tzitzimitl moves out of view.
There is a staircase leading out of the dungeon here.
You have escaped!

#.# #.# #.# #########.#
#.# ##.#.#.#.#.# #.#
#.#.#.#.#..## #.#
##.#.#.#.#..# #.#
#.#.#.#.#..## # #.#
##.≈≈≈≈≈.### # #.#
#.#≈...≈#.# ## #.#
##.≈@..≈.## .#######.#
##.#≈...≈#.#
......##.#####.≈≈≈≈≈.##
.####.##.####.#.#.#.#.#
## #.##.#####.#{#.#.##
#.##.####.#.#.#.#.#
#........#.#.#.#.##
########
#..#.###.###.#.###
#.......
#..#.##...##...#
#.######


There were no monsters in sight!

Vanquished Creatures
  3 dread liches
  Mara (Vaults:5)
  2 orbs of fire (Zot:5)
  7 ancient liches
  2 juggernauts (Depths:4)
  A royal mummy (Tomb:1)
  Boris (twice) (Tomb:1 Vaults:5)
  5 Killer Klowns (Zot:5)
  Geryon (Hell)
  2 curse toes (Zot:5)
  7 golden dragons
  A bone dragon (Crypt:3)
  Nikola (Shoals:1)
  Jory (Tomb:1)
  A profane servitor (Crypt:3)
  12 Brimstone Fiends
  2 electric golems (Zot:5)
  A Tzitzimitl (D:9)
  11 tentacled monstrosities
  A hellephant (D:7)
  Jorgrun (Orc:2)
  An Ice Fiend (D:12)
  Asterion (Elf:1)
  Rupert (Lair:5)
  8 liches
  4 quicksilver dragons
  3 titans
  26 Orb Guardians
  4 sphinxes
  Polyphemus (Shoals:2)
  A deep elf master archer (Elf:3)
  2 deep elf blademasters (Elf:3)
  An ancient champion (Hell)
  An eldritch tentacle (Vaults:1)
  8 acid blobs
  4 death cobs
  7 shadow dragons
  9 storm dragons
  2 tengu reavers
  Kirke (Elf:1)
  7 rockslimes
  11 azure jellies
  11 draconian monks
  9 fire giants
  4 revenants
  Donald (Orc:2)
  Roxanne (Shoals:2)
  5 draconian knights
  4 frost giants
  3 balrugs (Depths:1)
  11 ghost moths
  9 vault wardens
  3 orc warlords
  8 deep elf sorcerers
  Louise (Elf:1)
  3 emperor scorpions
  An iron dragon (shapeshifter) (Vaults:5)
  8 draconian scorchers
  Aizul (Elf:1)
  3 draconian stormcallers
  2 cacodemons
  7 draconian shifters
  5 draconian annihilators
  A ghoul (Crypt:1)
  13 very ugly things
  12 ironbound preservers
  A war gargoyle (Vaults:4)
  6 deep elf elementalists
  A juggernaut skeleton (Crypt:2)
  12 quicksilver oozes
  3 reapers (Hell)
  6 stone giants
  2 bennus (Tomb:1)
  7 vampire knights
  2 deep elf demonologists
  11 green draconians
  16 purple draconians
  19 black draconians
  12 white draconians
  12 spark wasps
  7 deep elf annihilators
  11 red draconians
  2 dire elephants
  4 entropy weavers
  7 yellow draconians
  A lorocyproca (Depths:1)
  Azrael (D:14)
  8 merfolk javelineers
  Snorg (D:14)
  10 deep elf death magi
  2 crystal guardians (Vaults:4)
  12 ettins
  4 eidola
  A mummy priest (Tomb:1)
  7 fire dragons
  18 jiangshi
  2 green deaths
  2 quicksilver dragon zombies
  Josephine (D:14)
  7 yaktaur captains
  8 merfolk impalers
  4 boulder beetles
  7 deep elf high priests
  11 great orbs of eyes
  2 ironbound thunderhulks (Vaults:3)
  12 hydras
  2 quicksilver dragon skeletons
  12 ice dragons
  A rakshasa (Depths:4)
  A servant of whispers (Desolation)
  6 peacekeepers
  3 spriggan air magi
  10 vault guards
  A catoblepas (Shoals:2)
  4 merfolk avatars
  4 ironbound frosthearts
  Erolcha (Orc:2)
  16 centaur warriors
  2 alligator snapping turtles (Shoals:4)
  9 two-headed ogres
  A death knight (Crypt:2)
  3 satyrs
  11 hell hogs
  3 death scarabs (Tomb:1)
  4 merfolk aquamancers
  2 deep troll shamans
  2 orc high priests
  20 death yaks
  20 dancing weapons
  7 tengu warriors
  5 vampire magi
  3 ironbound beastmasters
  2 spriggan berserkers
  5 soul eaters
  8 deep troll earth magi
  32 hell knights
  9 sun demons
  13 deep elf knights
  4 sixfirhies
  5 shadow wraiths
  22 deep trolls
  19 skeletal warriors
  4 sea snakes
  A ghost moth zombie (Geh:1)
  2 death drakes (Depths:5)
  4 iron trolls
  The ghost of Tzialkovskiy the Frost Mage, a novice DsIE of Gozag (D:8)
  A glowing orange brain (Depths:1)
  2 anaconda zombies (Hell)
  6 deep elf archers
  An infernal demonspawn (Depths:5)
  An obsidian statue (Zot:5)
  A storm dragon skeleton (Geh:2)
  A golden dragon skeleton (Geh:1)
  6 flayed ghosts
  3 lindwurms
  7 necromancers
  10 phantasmal warriors
  12 ironbound convokers
  A bog body (Crypt:1)
  An anaconda skeleton (Geh:2)
  3 orange crystal statues (IceCv)
  2 wolf spider zombies
  9 wizards
  27 deep elf pyromancers
  8 harpies
  5 orc sorcerers
  23 deep elf zephyrmancers
  An iron dragon zombie (Geh:2)
  17 orb spiders
  3 shining eyes
  46 ugly things
  22 wolf spiders
  16 orc knights
  15 manticores
  4 oklob plants
  14 cyclopes
  A human zombie (Vaults:3)
  A salamander (Depths:4)
  16 fauns
  2 stone giant zombies
  20 moths of wrath
  11 elephants
  14 merfolk sirens
  Joseph (D:8)
  A frost giant skeleton (Geh:1)
  2 centaur zombies (D:11)
  6 molten gargoyles (Hell)
  7 water nymphs
  2 torpor snails
  A dire elephant zombie (Geh:1)
  2 ice statues (Shoals:1)
  A fire giant skeleton (Geh:2)
  An orange demon (Depths:5)
  A titan simulacrum (Crypt:3)
  6 black mambas
  18 cane toads
  7 smoke demons
  Maggie (D:9)
  A gargoyle (D:13)
  2 dire elephant skeletons
  6 hellions
  9 komodo dragons
  3 kobold demonologists
  9 vault sentinels
  5 freezing wraiths
  7 efreet
  9 rime drakes
  5 tormentors
  3 entropy weaver simulacra (IceCv)
  11 demonic crawlers
  16 yaktaurs
  An anaconda simulacrum (Hell)
  A catoblepas skeleton (Geh:2)
  A yaktaur (shapeshifter) (Depths:4)
  6 very ugly thing simulacra (IceCv)
  3 tengu conjurers
  6 guardian mummies
  7 red devils
  2 hydra zombies
  10 trolls
  31 merfolk
  13 meliai
  7 polar bears
  6 wind drakes
  34 jumping spiders
  A shadow dragon simulacrum (Crypt:3)
  3 ettin zombies
  11 hornets
  9 saltlings (Desolation)
  Prince Ribbit (D:9)
  6 snapping turtles
  A fire giant simulacrum (Vaults:1)
  A hydra skeleton (Hell)
  117 slime creatures
  A dream sheep (shapeshifter) (Vaults:5)
  16 blink frogs
  20 dream sheep
  A fire dragon zombie (Geh:2)
  An ice dragon zombie (Crypt:3)
  35 flying skulls
  101 redbacks
  A redback (shapeshifter) (Vaults:5)
  2 spriggans
  25 tarantellas
  12 water elementals
  5 wyverns
  12 shadows
  An ushabti (Tomb:1)
  6 humans (D:14)
  12 wraiths
  46 yaks
  3 basilisks
  15 fire elementals
  8 golden eyes
  3 large abominations (Crypt:3)
  3 steam dragons
  4 hogs (Elf:1)
  A yaktaur simulacrum (Vaults:3)
  2 vampire mosquitoes (D:14)
  A harpy simulacrum (D:15)
  A sea snake simulacrum (Hell)
  4 wargs
  5 demonic crawler simulacra (IceCv)
  3 acid dragons
  A naga (Depths:1)
  An ogre skeleton (Vaults:3)
  7 hell hounds
  A floating eye (Depths:4)
  15 water moccasins
  2 ice beasts (D:6)
  A small abomination (Crypt:3)
  30 orc warriors
  A cane toad skeleton (Crypt:1)
  6 black bears
  A black bear (shapeshifter) (Elf:1)
  3 sky beasts (D:6)
  4 ugly thing simulacra (IceCv)
  5 necrophages
  A snapping turtle skeleton (Geh:1)
  19 wolves
  12 ogres
  11 centaurs
  4 phantoms
  3 kobold brigands
  14 bullfrogs
  A komodo dragon skeleton (Crypt:1)
  2 earth elementals
  A glowing shapeshifter simulacrum (Vaults:1)
  A human skeleton (Vaults:3)
  6 scorpions
  A water moccasin zombie (D:7)
  3 killer bees (D:9)
  A water moccasin skeleton (D:6)
  A troll zombie (Crypt:1)
  29 wights
  3 electric eels
  A raiju skeleton (Crypt:2)
  3 vampire bats (Lair:6)
  4 howler monkeys
  A crimson imp (Geh:1)
  2 bullfrog zombies
  2 jellies (Lair:6)
  4 hounds
  23 orc priests
  Crazy Yiuf (D:3)
  2 centaur skeletons (D:6)
  2 gnoll shamans
  Jessica (D:2)
  Natasha (twice) (D:4)
  An iguana (D:6)
  15 orc wizards
  Terence (D:2)
  8 hell rats
  A naga zombie (Geh:1)
  An ogre zombie (Crypt:2)
  A deep dwarf skeleton (Crypt:2)
  A hound skeleton (D:4)
  A mummy (Tomb:1)
  Robin (D:2)
  2 howler monkey skeletons
  10 adders
  10 gnolls
  7 river rats (D:6)
  3 white imps
  An adder zombie (D:5)
  A lava snake skeleton (Crypt:2)
  3 dart slugs
  80 orcs
  4 ball pythons
  6 endoplasms
  4 giant cockroaches
  18 goblins
  9 hobgoblins
  10 quokkas
  12 bats
  5 frilled lizards
  20 kobolds
  22 rats
  A rat skeleton (Crypt:2)
  2 butterflies (Lair:1)
2444 creatures vanquished.

Vanquished Creatures (collateral kills)
  the Royal Jelly (Slime:5)
  2 royal mummies (Tomb:1)
  3 golden dragons
  3 Brimstone Fiends
  5 tentacled monstrosities
  3 liches
  3 titans
  2 quicksilver dragons
  6 sphinxes
  12 acid blobs
  3 ancient champions
  A thorn hunter (Depths:2)
  2 shadow dragons
  2 revenants
  7 azure jellies (Slime:5)
  2 rockslimes (Slime:5)
  A draconian monk (Depths:5)
  2 frost giants
  A tengu reaver (Vaults:1)
  2 iron dragons
  5 vault wardens
  2 draconian shifters
  6 orc warlords
  A draconian scorcher (Zot:4)
  A draconian stormcaller (Zot:1)
  A balrug (Geh:1)
  A deep elf elementalist (Depths:4)
  A cacodemon (Hell)
  2 ghouls
  4 draconian annihilators
  2 spriggan defenders (Depths:4)
  5 ironbound preservers
  6 very ugly things
  3 quicksilver oozes (Slime:5)
  3 reapers
  6 stone giants
  A dire elephant (Vaults:4)
  2 deep elf demonologists
  A deep elf annihilator (Depths:4)
  2 vampire knights
  6 green draconians
  2 spark wasps
  3 yellow draconians
  7 black draconians
  5 red draconians
  5 white draconians
  8 purple draconians
  2 deep elf death magi
  5 ettins
  5 mummy priests (Tomb:1)
  3 fire dragons
  7 great orbs of eyes
  3 yaktaur captains
  A deep elf high priest (Vaults:5)
  A fire dragon (shapeshifter) (Vaults:5)
  7 ironbound thunderhulks
  A great orb of eyes (shapeshifter) (Depths:4)
  A kraken zombie (Hell)
  2 rakshasas (Depths:1)
  A hell beast (Depths:1)
  A spriggan air mage (Depths:3)
  8 ice dragons
  2 ironbound frosthearts
  11 vault guards
  5 centaur warriors
  A two-headed ogre (Vaults:3)
  3 death knights
  6 deep troll shamans
  6 death scarabs (Tomb:1)
  A deep troll earth mage (Depths:4)
  An ironbound beastmaster (Vaults:3)
  3 hell hogs
  2 orc high priests (Vaults:3)
  2 vampire magi (Depths:3)
  A soul eater (Hell)
  2 titan skeletons
  3 sun demons
  15 hell knights
  5 skeletal warriors (Crypt:3)
  A death drake (shapeshifter) (Vaults:5)
  2 storm dragon skeletons
  A golden dragon zombie (Geh:2)
  6 iron trolls
  A lindwurm (shapeshifter) (Vaults:5)
  A death drake (Depths:5)
  2 flayed ghosts
  2 glowing orange brains
  13 deep trolls
  A golden dragon skeleton (Geh:2)
  3 ironbound convokers
  4 lindwurms (Vaults:3)
  A shadow dragon zombie (Geh:1)
  6 necromancers
  2 anaconda skeletons
  11 orc knights
  2 wizards
  5 phantasmal warriors
  A mana viper (Depths:1)
  3 wolf spider zombies
  2 shining eyes
  A mana viper (shapeshifter) (Vaults:5)
  A frost giant zombie (Geh:2)
  4 ugly things
  A shadow dragon skeleton (Geh:2)
  An iron dragon zombie (Geh:1)
  2 fire giant skeletons (Geh:3)
  An oklob plant (Depths:2)
  A frost giant skeleton (Geh:1)
  A guardian serpent (Depths:1)
  A stone giant skeleton (Geh:2)
  4 moths of wrath
  An ice statue (Hell)
  A rust devil (Geh:3)
  4 vault sentinels
  2 smoke demons
  A molten gargoyle (Geh:1)
  2 hellions (Geh:1)
  3 tormentors
  7 yaktaurs
  2 efreet (Geh:2)
  A troll (Vaults:5)
  13 red devils
  A hydra zombie (Hell)
  2 guardian mummies (Tomb:1)
  A harpy zombie (Geh:1)
  2 hydra skeletons
  A harpy skeleton (Crypt:1)
  A wind drake (shapeshifter) (Vaults:5)
  33 slime creatures
  2 fire dragon zombies (Geh:2)
  An ice dragon skeleton (Geh:3)
  2 ettin skeletons
  A satyr skeleton (Crypt:1)
  3 shadows
  41 flying skulls
  A spriggan (Depths:4)
  5 water elementals
  A black mamba skeleton (Geh:2)
  A redback (Vaults:2)
  6 wraiths
  4 golden eyes
  16 fire elementals
  A swamp worm (shapeshifter) (Vaults:5)
  6 hell hounds
  A floating eye (Depths:4)
  A hydra simulacrum (Hell)
  A faun skeleton (Crypt:2)
  A cane toad skeleton (Geh:3)
  12 orc warriors
  A black bear (shapeshifter) (Vaults:5)
  2 manticore zombies
  10 necrophages
  3 snapping turtle skeletons
  A phantom (Geh:3)
  16 wights
  2 crimson imps (Geh:2)
  5 orc priests (Vaults:3)
  A human skeleton (Crypt:2)
  3 hell rats (Hell)
  2 mummies (Tomb:1)
  An orc (Vaults:5)
  3 tentacles (Hell)
594 creatures vanquished.

Vanquished Creatures (others)
  A draconian monk (Zot:3)
  Ilsuiw (Shoals:2)
  A fire giant (Depths:1)
  A reaper (Hell)
  A very ugly thing (Vaults:4)
  An entropy weaver (Spider:1)
  A merfolk javelineer (Shoals:2)
  A merfolk impaler (Shoals:2)
  17 vault guards
  A death yak (Shoals:2)
  A deep troll shaman (Depths:1)
  6 hell knights
  3 hell hogs
  2 sixfirhies
  A deep troll (Depths:1)
  2 ironbound convokers
  3 necromancers
  A deep elf zephyrmancer (Elf:3)
  2 orc knights
  4 orb spiders
  14 wolf spiders
  4 ugly things
  2 fauns (Shoals:2)
  A merfolk siren (Shoals:2)
  An ice devil (Depths:1)
  15 jumping spiders
  A merfolk (Shoals:2)
  6 tarantellas
  A water elemental (Shoals:2)
  19 redbacks
  A human (D:14)
  3 hell hounds (Geh:3)
  A necrophage (Geh:2)
  An orc priest (Vaults:5)
  A hell rat (Hell)
  A quokka (D:8)
  68 fungi
  171 plants
  5 tentacles
  A withered plant (Depths:3)
368 creatures vanquished.

Grand Total: 3406 creatures vanquished

Notes
Turn   | Place    | Note
-------+----------+-------------------------------------------
     0 | D:1      | spimroxx the Djinni Ice Elementalist began the quest for
                  | the Orb.
     0 | D:1      | Reached XP level 1. HP: 15/15 MP: 0/0
   238 | D:1      | Reached XP level 2. HP: 21/22 MP: 0/0
   242 | D:1      | Reached skill level 1 in Fighting
   671 | D:1      | Reached XP level 3. HP: 21/27 MP: 0/0
   671 | D:1      | Learned a level 1 spell: Shock
  1472 | D:2      | Noticed Jessica
  1477 | D:2      | Reached skill level 2 in Fighting
  1500 | D:2      | Killed Jessica
  1501 | D:2      | Reached XP level 4. HP: 16/34 MP: 0/0
  1668 | D:2      | Noticed Robin
  1685 | D:2      | Killed Robin
  1686 | D:2      | Reached XP level 5. HP: 19/40 MP: 0/0
  1686 | D:2      | Learned a level 2 spell: Static Discharge
  2163 | D:2      | Noticed Terence
  2172 | D:2      | Killed Terence
  2173 | D:2      | Reached skill level 3 in Fighting
  2266 | D:2      | Found a faded altar of an unknown god.
  2899 | D:3      | Reached XP level 6. HP: 45/46 MP: 0/0
  3155 | D:3      | Found a runed translucent door.
  3156 | D:3      | Noticed Crazy Yiuf
  3370 | D:3      | Killed Crazy Yiuf
  3539 | D:4      | Found Vomuedd's Book Shop.
  3551 | D:4      | Reached skill level 4 in Fighting
  3796 | D:4      | Found Taskac's Assorted Antiques.
  3843 | D:4      | Reached XP level 7. HP: 48/53 MP: 0/0
  3843 | D:4      | Learned a level 3 spell: Portal Projectile
  3882 | D:4      | Bought a blackened ruby ring for 125 gold pieces
  3944 | D:4      | Found Nytiycae's Antique Armour Boutique.
  4138 | D:4      | Found a staircase to the Ecumenical Temple.
  4188 | D:4      | Noticed Natasha
  4193 | D:4      | Killed Natasha
  4194 | D:4      | Reached skill level 5 in Spellcasting
  4195 | D:4      | Reached skill level 5 in Fighting
  4203 | Temple   | Entered the Ecumenical Temple
  4481 | Temple   | Became a worshipper of Ashenzari the Shackled
  4727 | D:4      | Found Gaem's Antique Armour Emporium.
  5020 | D:4      | Noticed Natasha
  5025 | D:4      | Killed Natasha
  5135 | D:5      | Entered Level 5 of the Dungeon
  5177 | D:5      | Reached XP level 8. HP: 26/60 MP: 0/0
  5653 | D:5      | Reached skill level 6 in Fighting
  6931 | D:6      | Reached skill level 7 in Fighting
  7190 | D:6      | Reached XP level 9. HP: 48/68 MP: 0/0
  7190 | D:6      | Learned a level 4 spell: Passage of Golubria
  8150 | D:6      | Reached skill level 8 in Fighting
  8826 | D:7      | Reached * piety under Ashenzari
  8944 | D:7      | Identified the amulet "Pakuekelim" {Regen+ Int+2}
  9334 | D:7      | Reached XP level 10. HP: 76/79 MP: 0/0
  9422 | D:8      | Identified the +0 robe of the Iron City of Dis {Fly rElec
                  | Int-4 Archmagi}
  9527 | D:8      | Noticed Joseph
  9604 | D:8      | Killed Joseph
  9605 | D:8      | Reached skill level 9 in Fighting
  9684 | D:8      | Found Gusua's Jewellery Shop.
  9788 | D:8      | Found Gobido's Book Shop.
  9793 | D:8      | Found a white marble altar of Elyvilon.
 10145 | D:8      | Found a runed translucent gate.
 10145 | D:8      | Found a runed translucent gate.
 10145 | D:8      | Found a runed translucent gate.
 10146 | D:8      | Noticed Tzialkovskiy's ghost (novice DsIE)
 10148 | D:8      | Identified the +1 chain mail of Resonance {+Blink Dex+7}
 10287 | D:9      | Noticed Maggie
 10298 | D:9      | Killed Maggie
 10684 | D:9      | Noticed Prince Ribbit
 10689 | D:9      | Killed Prince Ribbit
 10737 | D:9      | Reached skill level 10 in Fighting
 10737 | D:9      | Reached XP level 11. HP: 60/86 MP: 0/0
 10737 | D:9      | Learned a level 4 spell: Cause Fear
 10971 | D:9      | Reached skill level 10 in Spellcasting
 11138 | D:10     | Entered Level 10 of the Dungeon
 11430 | D:10     | Noticed a two-headed ogre
 11438 | D:10     | Killed a two-headed ogre
 11886 | D:11     | Noticed an eight-headed hydra
 11895 | D:11     | Killed an eight-headed hydra
 11896 | D:11     | Reached skill level 11 in Fighting
 12112 | D:11     | Found a staircase to the Orcish Mines.
 12204 | D:11     | Noticed a two-headed ogre
 12211 | D:11     | Killed a two-headed ogre
 12212 | D:11     | Reached XP level 12. HP: 68/95 MP: 0/0
 12323 | D:11     | Noticed a fire dragon
 12343 | D:11     | Killed a fire dragon
 12377 | D:11     | Found a staircase to the Lair.
 12979 | Lair:1   | Entered Level 1 of the Lair of Beasts
 13417 | Lair:1   | Noticed a death yak
 13417 | Lair:1   | Noticed a death yak
 13420 | Lair:1   | Noticed a death yak
 13428 | Lair:1   | Noticed a death yak
 13431 | Lair:1   | Killed a death yak
 13433 | Lair:1   | Killed a death yak
 13433 | Lair:1   | Noticed a death yak
 13439 | Lair:1   | Killed a death yak
 13440 | Lair:1   | Reached skill level 12 in Fighting
 13453 | Lair:1   | Killed a death yak
 13471 | Lair:1   | Killed a death yak
 13589 | Lair:1   | Noticed an eight-headed hydra
 13597 | Lair:1   | Killed an eight-headed hydra
 13709 | Lair:1   | Noticed a four-headed hydra
 13714 | Lair:1   | Killed a four-headed hydra
 13715 | Lair:1   | Reached XP level 13. HP: 90/103 MP: 0/0
 13715 | Lair:1   | Learned a level 5 spell: Freezing Cloud
 14023 | Lair:1   | Noticed an eight-headed hydra
 14032 | Lair:1   | Killed an eight-headed hydra
 14382 | Lair:2   | Reached skill level 13 in Fighting
 14445 | Lair:2   | Noticed a boulder beetle
 14464 | Lair:2   | Killed a boulder beetle
 14909 | Lair:2   | Found a staircase to the Shoals.
 14919 | Lair:2   | Reached ** piety under Ashenzari
 15239 | Lair:2   | Found a hole to the Spider Nest.
 15795 | Lair:3   | Reached XP level 14. HP: 94/114 MP: 0/0
 16273 | Lair:3   | Reached *** piety under Ashenzari
 16725 | Lair:4   | Reached skill level 14 in Fighting
 17749 | Lair:5   | Noticed Rupert
 17757 | Lair:5   | Killed Rupert
 17758 | Lair:5   | Reached skill level 15 in Spellcasting
 17892 | Lair:5   | Identified the +1 leather armour of the Will of the Gods
                  | {*Corrode Regen+ Int+5}
 18027 | Lair:5   | Reached XP level 15. HP: 87/127 MP: 0/0
 18027 | Lair:5   | Learned a level 6 spell: Iron Shot
 18772 | Lair:6   | Entered Level 6 of the Lair of Beasts
 18948 | Lair:6   | Reached skill level 15 in Fighting
 18948 | Lair:6   | Reached skill level 1 in Evocations
 19153 | Lair:6   | Identified the +7 hunting sling of the Globe {vorpal,
                  | Fragile rC+ Str+2 Dex+3}
 19154 | Lair:6   | Identified the ring of Qotreb {rPois rC+ Str+5 Int+6}
 19316 | Lair:6   | Found a staircase to the Slime Pits.
 19651 | Lair:6   | Reached **** piety under Ashenzari
 20445 | D:8      | Killed Tzialkovskiy's ghost
 20446 | D:8      | Reached XP level 16. HP: 120/140 MP: 0/0
 20626 | D:4      | Bought a potion of heal wounds for 125 gold pieces
 20626 | D:4      | Bought a potion of curing for 75 gold pieces
 20648 | D:4      | Noticed Natasha
 20659 | D:4      | Bought a shiny helmet for 187 gold pieces
 20817 | Orc:1    | Entered Level 1 of the Orcish Mines
 21155 | Orc:2    | Entered Level 2 of the Orcish Mines
 21162 | Orc:2    | Noticed Donald
 21167 | Orc:2    | Killed Donald
 21244 | Orc:2    | Noticed Erolcha
 21249 | Orc:2    | Killed Erolcha
 21423 | Orc:2    | Reached skill level 1 in Shields
 21580 | Orc:2    | Reached skill level 5 in Dodging
 21845 | Orc:2    | Found Teitrafa's Book Shop.
 21849 | Orc:2    | Found Rosyrph's Antique Weapon Shop.
 21862 | Orc:2    | Found Ekhizuj's General Store.
 21870 | Orc:2    | Found Bugolieg's Antique Armour Shop.
 22172 | Orc:2    | Found a staircase to the Elven Halls.
 22176 | Orc:2    | Noticed Jorgrun
 22183 | Orc:2    | Killed Jorgrun
 23690 | D:13     | Found a shimmering altar of Xom.
 23692 | D:13     | Found a shimmering altar of Xom.
 23692 | D:13     | Found a shimmering altar of Xom.
 23714 | D:13     | Found a shimmering altar of Xom.
 23715 | D:13     | Found a shimmering altar of Xom.
 23791 | D:13     | Found Fozydya's Armour Emporium.
 24491 | D:14     | Reached XP level 17. HP: 52/143 MP: 0/0
 24491 | D:14     | Learned a level 6 spell: Eringya's Noxious Bog
 24576 | D:14     | Identified the +2 plate armour of Wu Jian's Grace {Will+
                  | rCorr SInv}
 24594 | D:14     | Found a gate to the Vaults.
 24687 | D:14     | Noticed Josephine
 24695 | D:14     | Killed Josephine
 24749 | D:14     | Noticed Azrael
 24754 | D:14     | Killed Azrael
 24912 | D:14     | Reached skill level 16 in Fighting
 25015 | D:14     | Noticed Snorg
 25020 | D:14     | Killed Snorg
 25434 | D:15     | Entered Level 15 of the Dungeon
 25685 | D:15     | Found a portal to a secret trove of treasure.
 25793 | D:15     | Found a staircase to the Depths.
 26628 | D:4      | Bought a translucent leather armour for 175 gold pieces
 26628 | D:4      | Identified the +2 leather armour "Cihaso Omedu" {Drain
                  | rN+++ Dex+4} (You bought it in a shop on level 4 of the
                  | Dungeon)
 26902 | Spider:1 | Entered Level 1 of the Spider Nest
 26967 | Spider:1 | Reached skill level 5 in Shields
 27069 | Spider:1 | Reached skill level 10 in Dodging
 27998 | Spider:2 | Reached XP level 18. HP: 145/155 MP: 0/0
 29457 | Spider:4 | Entered Level 4 of the Spider Nest
 29596 | Spider:4 | Identified the +0 chain mail of Tyriozix {Will+ Slay+2
                  | SInv}
 30059 | Spider:4 | Reached XP level 19. HP: 113/162 MP: 0/0
 30059 | Spider:4 | Learned a level 6 spell: Simulacrum
 30159 | Spider:4 | Got a gossamer rune of Zot
 30793 | Orc:2    | Bought a potion of curing for 42 gold pieces
 31072 | D:8      | Bought the ring of Ufoohic {rC+ rN+ Will+ MP+9 Stlth-} for
                  | 466 gold pieces
 31183 | Shoals:1 | Entered Level 1 of the Shoals
 31245 | Shoals:1 | Found a frozen archway.
 31264 | IceCv    | Entered an ice cave
 31320 | IceCv    | Reached skill level 1 in Armour
 31344 | IceCv    | Reached skill level 17 in Fighting
 31663 | IceCv    | Found a viscous altar of Jiyva.
 31680 | IceCv    | Identified the ring of Moodiness {rF- rC+ Str+7 Dex-4
                  | Stlth+}
 32392 | Shoals:1 | Noticed Nikola
 32401 | Shoals:1 | Killed Nikola
 32415 | Shoals:1 | Reached skill level 5 in Armour
 32557 | Shoals:2 | Noticed Polyphemus
 32569 | Shoals:2 | Killed Polyphemus
 32741 | Shoals:2 | Noticed Ilsuiw
 32750 | Shoals:2 | Killed Ilsuiw
 33045 | Shoals:2 | Reached XP level 20. HP: 164/169 MP: 0/0
 33223 | Shoals:2 | Noticed Roxanne
 33435 | Shoals:2 | Killed Roxanne
 33579 | Shoals:3 | Found a sacrificial altar of Ru.
 34579 | Shoals:4 | Entered Level 4 of the Shoals
 35231 | Shoals:4 | Identified the +10 scimitar of Stickiness {vamp, Will+}
 35299 | Shoals:4 | Got a barnacled rune of Zot
 36157 | D:15     | You paid a toll of 16 potions of curing to enter a treasure
                  | trove
 36158 | Trove    | Entered a treasure trove
 36162 | Trove    | Identified the ring of Sloth {rF++ Will+ AC+4 Str-4 Int+3}
 36163 | Trove    | Identified the +0 kite shield of the Volcano {Harm rElec
                  | Int+6}
 36494 | Elf:1    | Entered Level 1 of the Elven Halls
 36494 | Elf:1    | Found a runed translucent gate.
 36494 | Elf:1    | Found a runed translucent gate.
 36494 | Elf:1    | Found a runed translucent gate.
 36494 | Elf:1    | Found a runed translucent gate.
 36494 | Elf:1    | Found a runed translucent gate.
 36494 | Elf:1    | Found a runed translucent gate.
 36494 | Elf:1    | Identified the +5 arbalest "Tileosas" {elec, rPois rF+
                  | Will++}
 36496 | Elf:1    | Found a runed translucent door.
 36548 | Elf:1    | Noticed Aizul
 36556 | Elf:1    | Killed Aizul
 36630 | Elf:1    | Found Nuheott's Assorted Antiques.
 36664 | Elf:1    | Found a crumbling gateway.
 36675 | Desolati | Entered the Desolation of Salt
 36830 | Elf:1    | Bought a scroll of enchant armour for 172 gold pieces
 36830 | Elf:1    | Bought a potion of heal wounds for 115 gold pieces
 36934 | Elf:1    | Noticed Asterion
 36939 | Elf:1    | Killed Asterion
 37073 | Elf:1    | Found the ring of Shadows {Umbra +Inv Stlth+}
 37074 | Elf:1    | Noticed Vivir's ghost (adept MiFi)
 37162 | Elf:1    | Found a runed translucent gate.
 37162 | Elf:1    | Found a runed translucent gate.
 37162 | Elf:1    | Found a runed translucent gate.
 37263 | Elf:1    | Noticed Louise
 37283 | Elf:1    | Killed Louise
 37284 | Elf:1    | Reached XP level 21. HP: 84/176 MP: 0/0
 37284 | Elf:1    | Learned a level 8 spell: Infestation
 37422 | Elf:1    | Noticed Kirke
 37426 | Elf:1    | Killed Kirke
 37608 | Elf:1    | Found a runed translucent door.
 37710 | Elf:1    | Reached skill level 10 in Shields
 37731 | Elf:1    | Identified the Volume of Supportive Confrontation
 38215 | Elf:2    | Found a runed translucent gate.
 38215 | Elf:2    | Found a runed translucent gate.
 38215 | Elf:2    | Found a runed translucent gate.
 38685 | Elf:2    | Reached skill level 18 in Fighting
 39128 | Elf:3    | Entered Level 3 of the Elven Halls
 39212 | Elf:3    | Reached ***** piety under Ashenzari
 39315 | Elf:3    | Identified the +8 mace of Darkness {flame, rC++}
 39863 | Elf:3    | Reached XP level 22. HP: 126/187 MP: 0/0
 40105 | Elf:3    | Identified the +3 spear "Menulosiups" {vorpal, rElec SInv}
 40109 | Elf:3    | Identified the +7 whip of the Fulmar {flame, Int+4 Stlth+}
 40111 | Elf:3    | Identified the ring of Brilliance {rN+++ rCorr AC+4 Int+4
                  | Dex-3}
 40131 | Elf:3    | Identified the amulet "Rifozin" {RegenMP -Tele rElec rN++
                  | SInv}
 40575 | Vaults:1 | Entered Level 1 of the Vaults
 41161 | Vaults:1 | Identified the +5 mace of Inflation {vorpal, Str+4}
 42171 | Vaults:2 | Found Fupu's Antique Armour Shoppe.
 42417 | Vaults:2 | Found a staircase to the Crypt.
 43269 | Vaults:3 | Reached XP level 23. HP: 162/195 MP: 0/0
 43269 | Vaults:3 | Learned a level 8 spell: Borgnjor's Revivification
 43547 | Vaults:3 | Reached skill level 19 in Fighting
 43560 | Vaults:3 | Reached skill level 15 in Dodging
 43570 | Vaults:3 | Found Loed's Magic Scroll Emporium.
 43862 | Vaults:3 | Found a runed translucent gate.
 43863 | Vaults:3 | Found a runed translucent gate.
 43866 | Vaults:3 | Found a runed translucent gate.
 44106 | Vaults:3 | Noticed quaternion's ghost (veteran MiFi)
 45894 | Vaults:4 | Found an iron altar of Okawaru.
 45894 | Vaults:4 | Noticed hyperkahler's ghost (veteran MiFi)
 45924 | Vaults:4 | Found a runed translucent gate.
 45924 | Vaults:4 | Found a runed translucent gate.
 45924 | Vaults:4 | Found a runed translucent gate.
 46337 | Depths:1 | Entered Level 1 of the Depths
 46746 | Depths:1 | Found a hide-covered altar of Uskayaw.
 46992 | Depths:1 | Found Dubulae's Serpentskin Sales.
 47591 | Slime:1  | Entered Level 1 of the Pits of Slime
 47687 | Lair:6   | Reached XP level 24. HP: 39/206 MP: 0/0
 47916 | Slime:1  | Reached skill level 20 in Fighting
 49261 | Slime:3  | Reached skill level 5 in Evocations
 49725 | Slime:5  | Entered Level 5 of the Pits of Slime
 49804 | Slime:5  | Noticed the Royal Jelly
 49814 | Slime:5  | Killed the Royal Jelly
 49972 | Slime:5  | Identified the +1 pair of boots of the Sneaky Bones {rC+}
 50004 | Slime:5  | Identified the +8 troll leather armour "Rudeided" {Rampage
                  | Regen+ rCorr Str+5 Int-3}
 50023 | Slime:5  | Got a slimy rune of Zot
 51413 | Depths:1 | Found a gateway to Hell.
 51831 | Depths:2 | Identified the +1 chain mail of the Pirate {Harm rF+ Str-5}
 51846 | Depths:2 | Reached XP level 25. HP: 185/214 MP: 0/0
 51846 | Depths:2 | Learned a level 9 spell: Death's Door
 52568 | Depths:3 | Identified the ring "Qekis" {rC- rN++ AC+4 Str+4 Stlth+}
 52593 | Depths:3 | Reached skill level 21 in Fighting
 52708 | Depths:3 | Found a one-way gate leading to the halls of Pandemonium.
 52772 | Depths:3 | Identified Beuth's Handbook of Feathers and the Traveller
 52939 | Depths:3 | Found Ceuridap's Book Boutique.
 52939 | Depths:3 | Found Iwocynn's Jewellery Shoppe.
 52943 | Depths:3 | Found Qated's Jewellery Shoppe.
 53115 | Depths:3 | Found a basalt altar of Yredelemnul.
 53385 | Depths:3 | Found a hazy altar of Hepliaklqana.
 53582 | Depths:3 | Noticed an ancient lich
 53585 | Depths:3 | Killed an ancient lich
 53585 | Depths:3 | Noticed an ancient lich
 53590 | Depths:3 | Killed an ancient lich
 53880 | Depths:3 | Identified the Tome of the Creative Arsonist
 54332 | D:13     | Bought a +2 pair of gloves of stealth for 301 gold pieces
 55266 | Depths:4 | Noticed a juggernaut
 55369 | Depths:4 | Noticed a juggernaut
 55375 | Depths:4 | Killed a juggernaut
 55620 | Depths:4 | Killed a juggernaut
 55621 | Depths:4 | Reached XP level 26. HP: 175/218 MP: 0/0
 55726 | Depths:4 | Reached skill level 22 in Fighting
 55871 | Depths:4 | Identified the +6 hunting sling of Zin's Righteous Fury
                  | {flame, Drain rCorr Dex+5 Stlth+}
 55893 | Depths:4 | Identified a scroll of acquirement
 56023 | Depths:4 | Found a one-way gate to the infinite horrors of the Abyss.
 56025 | Depths:4 | Identified the +11 quick blade "Nefaed" {vamp, Str+6}
 56083 | Depths:4 | Identified the +6 hunting sling of Veukhlaxt {vorpal, rElec
                  | rF+ Str+3 Dex+5}
 56155 | Depths:4 | Identified the +9 falchion of Peril {venom, Str+6}
 56404 | Depths:4 | Paralysed by a floating eye for 3 turns
 56716 | Depths:5 | Entered Level 5 of the Depths
 56726 | Depths:5 | Acquired a manual of Armour
 56869 | Depths:4 | Reached skill level 10 in Armour
 56978 | Depths:5 | Noticed a dread lich
 56979 | Depths:5 | Found a gateway to a ziggurat.
 57861 | Depths:5 | Reached XP level 27. HP: 101/226 MP: 0/0
 57861 | Depths:5 | Learned a level 9 spell: Shatter
 58269 | Depths:5 | Found a gate to the Realm of Zot.
 58823 | Crypt:1  | Entered Level 1 of the Crypt
 59063 | Crypt:1  | Reached skill level 23 in Fighting
 59999 | Crypt:2  | Found the brooch of Shielding {Spirit SH+8}
 60106 | Crypt:3  | Entered Level 3 of the Crypt
 60797 | Crypt:3  | Identified the Catalogue of Unholy Magic
 60959 | Crypt:3  | Found a staircase to the Tomb.
 60959 | Crypt:3  | Noticed an ancient lich
 60961 | Crypt:3  | Identified the amulet "Ubbissia" {Acrobat rF+ Will+ Dex+3}
 60962 | Crypt:3  | Killed an ancient lich
 60989 | Crypt:3  | Identified the +1 ring mail of Unu Mibreth {+Inv rElec
                  | rPois Dex-3}
 61256 | Crypt:3  | Identified the +3 glaive of the Scorching Viper {venom,
                  | rCorr Int+3 Stlth-}
 61924 | Hell     | Entered the Vestibule of Hell
 61924 | Hell     | Noticed Geryon
 62311 | Hell     | Gained mutation: You sometimes lose the ability to read
                  | scrolls when taking damage. [a cacodemon]
 62333 | Hell     | Killed Geryon
 62522 | Hell     | Found a gateway to the Iron City of Dis.
 62581 | Hell     | Found a gateway to the freezing wastes of Cocytus.
 62736 | Hell     | Found a gateway to the decaying netherworld of Tartarus.
 62863 | Hell     | Found a gateway to the ashen valley of Gehenna.
 63060 | Geh:1    | Entered Level 1 of Gehenna
 64069 | Geh:1    | Reached skill level 24 in Fighting
 64807 | Tomb:1   | Entered Level 1 of the Tomb of the Ancients
 64829 | Tomb:1   | Noticed Jory
 64833 | Tomb:1   | Killed Jory
 64906 | Tomb:1   | Noticed Boris
 64915 | Tomb:1   | Killed Boris
 65148 | Tomb:1   | Noticed a royal mummy
 65157 | Tomb:1   | Killed a royal mummy
 65402 | Tomb:1   | Noticed a royal mummy
 65413 | Tomb:1   | Noticed a royal mummy
 65414 | Tomb:1   | Noticed a royal mummy
 65426 | Tomb:1   | Noticed a royal mummy
 65427 | Tomb:1   | Noticed a royal mummy
 65431 | Tomb:1   | Noticed a royal mummy
 65438 | Tomb:1   | Killed a royal mummy
 65669 | Tomb:1   | Noticed a royal mummy
 65746 | Tomb:1   | Killed a royal mummy
 68962 | Vaults:5 | Entered Level 5 of the Vaults
 68970 | Vaults:5 | Noticed Boris
 68977 | Vaults:5 | Killed Boris
 69021 | Vaults:5 | Noticed Mara
 69027 | Vaults:5 | Killed Mara
 69063 | Vaults:5 | Reached skill level 25 in Fighting
 69194 | Vaults:5 | Identified the ring "Woedaj" {Ice *Corrode *Slow Will+++
                  | Dex+2}
 69223 | Vaults:5 | Identified the +4 robe of Demonic Leaves {Harm Regen+ Int-3
                  | SInv}
 69366 | Vaults:5 | Noticed an ancient lich
 69374 | Vaults:5 | Killed an ancient lich
 69408 | Vaults:5 | Noticed a dread lich
 69408 | Vaults:5 | Identified the Papyrus of Dislocation
 69432 | Vaults:5 | Killed a dread lich
 69450 | Vaults:5 | Identified the amulet "Liklon" {Regen+ Int+2}
 69494 | Vaults:5 | Got a silver rune of Zot
 69580 | Vaults:5 | Noticed a dread lich
 69583 | Vaults:5 | Killed a dread lich
 69740 | Vaults:5 | Found the ring of the Octopus King {Fly AC+1 EV+1 Str+1
                  | Int+1 Dex+1}
 69740 | Vaults:5 | Found the ring of the Octopus King {Fly AC+1 EV+1 Str+1
                  | Int+1 Dex+1}
 69741 | Vaults:5 | Identified the +11 mace "Koewe" {spect, Will+ Dex+4}
 70351 | Vaults:5 | Identified the +6 hunting sling of the Dark Horse {flame,
                  | Str+5 Dex-5}
 70406 | Vaults:5 | Identified the +2 ring mail "Byrah" {+Inv}
 71128 | Zot:1    | Entered Level 1 of the Realm of Zot
 71212 | Zot:1    | Noticed Pax Tuynn's ghost (legendary GrIE)
 71226 | Zot:1    | Noticed Beuseq's ghost (master GnFi)
 71510 | Zot:2    | Reached skill level 26 in Fighting
 71526 | Zot:2    | Identified the +3 robe of Okawaru's Envy {Will+ rCorr
                  | Dex+3}
 72208 | Zot:1    | Found a transporter.
 72211 | Zot:1    | Found a transporter.
 72222 | Zot:1    | Noticed an orb of fire
 72222 | Zot:1    | Noticed an ancient lich
 74897 | Zot:4    | Identified the +5 dagger of the Gods {vorpal, rPois Str+3
                  | Dex+3}
 76225 | Zot:4    | Reached skill level 5 in Stealth
 76427 | Zot:5    | Entered Level 5 of the Realm of Zot
 76524 | Zot:5    | Reached skill level 27 in Fighting
 77330 | Zot:5    | Noticed a dread lich
 77347 | Zot:5    | Noticed an ancient lich
 77353 | Zot:5    | Noticed an orb of fire
 77598 | Zot:5    | Noticed an orb of fire
 77604 | Zot:5    | Killed an ancient lich
 77608 | Zot:5    | Killed an orb of fire
 77684 | Zot:5    | Killed a dread lich
 77707 | Zot:5    | Noticed an ancient lich
 77710 | Zot:5    | Noticed a Killer Klown
 77714 | Zot:5    | Noticed a Killer Klown
 77720 | Zot:5    | Killed an ancient lich
 77733 | Zot:5    | Killed an orb of fire
 77832 | Zot:5    | Killed a Killer Klown
 77879 | Zot:5    | Noticed a Killer Klown
 77883 | Zot:5    | Killed a Killer Klown
 77887 | Zot:5    | Noticed a Killer Klown
 77912 | Zot:5    | Killed a Killer Klown
 77915 | Zot:5    | Noticed a Killer Klown
 77923 | Zot:5    | Killed a Killer Klown
 77924 | Zot:5    | Reached skill level 10 in Stealth
 78014 | Zot:5    | Killed a Killer Klown
 78707 | Zot:5    | Noticed an ancient lich
 78715 | Zot:5    | Killed an ancient lich
 79196 | Zot:5    | Got the Orb of Zot
 79695 | D:9      | Noticed Boris
 79734 | D:7      | Noticed Offazora the pandemonium lord
 79793 | D:4      | Gained mutation: You occasionally shout uncontrollably at
                  | your foes. [a cacodemon]
 79895 | D:$      | Escaped with the Orb!

Illustrated notes

Levels and vault maps discovered:
D:1:      ncdulo_watergridlock, layout_loops_ring, minmay_cut_off
D:2:      layout_rooms, ebering_ecumenical_altar_box, kennysheep_generic_room_9,
          uniq_robin, uniq_jessica, uniq_terence
D:3:      layout_basic, uniq_crazy_yiuf_cottage
D:4:      layout_loops_ring, minmay_temple_entry_statues_pillars, serial_shops,
          nicolae_square_shop, nicolae_shop_overgrown_old_shop,
          nicolae_shop_trees, nicolae_shop_crystal, uniq_natasha
D:5:      layout_layer_cave, minmay_misc_feat_alley, st_stairs_12
D:6:      lemuel_ratsnest, layout_loops_ring, grunt_decor_mini_mirrors,
          hex_medium, minivault_5, kennysheep_generic_room_13
D:7:      layout_cave_pools, hangedman_decor_diamond_cutter
D:8:      layout_gridville, elyvilon_altar_4, biasface_ghost_orc_armoury,
          serial_shops, shop, nicolae_shop_stone, grunt_decor_resistance,
          uniq_joseph
D:9:      layout_gridville, uniq_prince_ribbit1, uniq_maggie
D:10:     layout_long_grid
D:11:     layout_cave_pods, minmay_lair_entry_lava, david_orc_3
D:12:     layout_gridville, drop_trap, minmay_orc_keep
D:13:     layout_cave_pods, serial_shops, nicolae_shop_trees,
          serial_column_ruins, column_ruins_grid_1, column_ruins_open_large,
          column_ruins_corridor_T, column_ruins_columns_straight,
          column_ruins_grid_1, xom_shifter_show
D:14:     layout_loops_ring, ximxim_vaults_locker_room, minivault_4,
          minmay_misc_feat_cross, minivault_14, led_sif_pool, uniq_josephine,
          uniq_azrael, uniq_snorg
D:15:     grunt_enter_depths_snipers, layout_loops_ring,
          nicolae_trove_entry_path_of_doom, serial_park_tiny_pond
Temple:   compressed_dpeg_circular_temple
Lair:1:   cheibrodos_lair_river_kwai, layout_regular_city, lemuel_fruit_fields
Lair:2:   layout_small_grid, elwin_shoals_entry_stream,
          nicolae_spider_entry_tight_spaces, lemuel_fruit_tree,
          grunt_megastairs_4
Lair:3:   layout_chaotic_city, grunt_forest_stairs_clearing
Lair:4:   layout_small_grid, nicolae_quartered_pool_medium,
          minmay_lair_oklob_chamber, grunt_megastairs_5
Lair:5:   layout_roguey, serial_bayou_shore_b, infiniplex_staircase_pool_2,
          grunt_megastairs_2, uniq_rupert
Lair:6:   gammafunk_lair_ancient_temple, layout_gridlike,
          minmay_slime_entry_pillars, grunt_forest_stairs_basic, roderic_batcave
Shoals:1: layout_shoals, portal_ice_cave_entry_ice_statue_two, st_cyclops,
          uniq_nikola
Shoals:2: layout_shoals, uniq_polyphemus, uniq_ilsuiw, uniq_roxanne
Shoals:3: layout_shoals, lemuel_altar_in_water, nicolae_shoals_seven_spires,
          lemuel_oklob_altar
Shoals:4: shoals_end_simple, layout_shoals, nicolae_shoals_this_corrosion
Spider:1: layout_spider_delve
Spider:2: nicolae_spider_hilbert_zone_3 [nicolae_spider_hilbert_4_sides_2_open,
          nicolae_spider_hilbert_3_sides_1_open,
          nicolae_spider_hilbert_3_sides_1_open,
          nicolae_spider_hilbert_3_sides_1_open,
          nicolae_spider_hilbert_3_sides_1_open,
          nicolae_spider_hilbert_4_sides_1_open,
          nicolae_spider_hilbert_4_sides_1_open,
          nicolae_spider_hilbert_4_sides_1_open,
          nicolae_spider_hilbert_4_sides_1_open,
          nicolae_spider_hilbert_4_sides_1_open,
          nicolae_spider_hilbert_4_sides_1_open,
          nicolae_spider_hilbert_4_sides_1_open,
          nicolae_spider_hilbert_4_sides_1_open,
          nicolae_spider_hilbert_3_sides_1_open,
          nicolae_spider_hilbert_3_sides_1_open,
          nicolae_spider_hilbert_3_sides_1_open,
          nicolae_spider_hilbert_3_sides_1_open], guppyfry_spider_mini_2
Spider:3: layout_spider_delve, nicolae_spider_baby_got_redback
Spider:4: grunt_spider_rune_parallel, drop_trap
Slime:1:  layout_caves
Slime:2:  layout_caves
Slime:3:  layout_caves
Slime:4:  layout_caves, basic_altar
Slime:5
Orc:1:    layout_caves, nicolae_orc_rockfall, minmay_orc_temple_a
Orc:2:    grunt_orc_cross, layout_caves, mines1_david, uniq_jorgrun,
          uniq_erolcha, uniq_donald
Elf:1:    nicolae_elf_arrival_dilemma, layout_gridlike, serial_shops,
          nicolae_shop_overgrown_old_shop, basic_altar, gammafunk_ghost_split,
          portal_desolation_entry_twin_temple, minmay_elf_sorcery, uniq_louise,
          uniq_aizul, uniq_kirke, uniq_asterion
Elf:2:    elven_hall_of_blades_hangedman_original
          [nicolae_blade_entry_floor_patterns], layout_loops_ring, st_stairs_14
Elf:3:    minmay_elf_hall_curves, layout_geoelf_grid
Vaults:1: v_misc_23, nicolae_vaults_little_squares_6, vaults_room_fancy_cross,
          ontoclasm_vaults_shuriken, nicolae_vaults_little_squares_3,
          v_pattern_1, st_hourglassy, vaults_dpeg_diagonal,
          hangedman_vaults_snaps, layout_vaults_big_room
Vaults:2: nicolae_vaults_meeting, v_alt_pattern_2,
          nicolae_vaults_little_squares_3, v_misc_12,
          minmay_crypt_entry_simple_round, nicolae_vaults_ring_of_whatevers,
          vaults_standard_mumra_x, v_misc_13,
          nicolae_vaults_windows_and_doors_thing, layout_vaults_ring,
          serial_shops, shop
Vaults:3: gammafunk_vaults_ghost_necromancy, vaults_room_octagon,
          hangedman_vaults_corner_blocks, special_room_vaults
          [special_room_orc], vaults_room_hallway, v_rooms_5,
          nicolae_vaults_network_barrier, v_alt_pattern_4,
          nicolae_vaults_alarming, vaults_mumra_chevron,
          ontoclasm_vaults_claustrophobia, v_misc_1,
          nicolae_vaults_shelves_hall, layout_vaults_maze, serial_shops, shop
Vaults:4: gammafunk_vaults_ghost_fury_of_okawaru, vaults_room_stairs_pillars,
          v_misc_27, ontoclasm_vaults_misaligned, vaults_dpeg_encased_lava,
          v_misc_14, vaults_room_fours, layout_vaults_omnigrid, uniq_margery
Vaults:5: serial_shops, uniq_mara
Crypt:1:  layout_chaotic_city
Crypt:2:  layout_chaotic_city, roderic_lattice_octagonal_star
Crypt:3:  grunt_crypt_end_deaths_head
Tomb:1:   uniq_jory, uniq_boris, uniq_frederick
Depths:1: layout_cave_pools, hellmouth_2, nicolae_uskayaw_dance_hall,
          guppyfry_shop_venom
Depths:2: dpeg_oklob_gauntlet, layout_cave_shapes, nrook_mini_backslash,
          serial_sigils, serial_sigils_hangedman_gut,
          serial_sigils_hangedman_leer, serial_sigils_hangedman_scar,
          serial_sigils_hangedman_stare, hangedman_geh_valley
Depths:3: evilmike_library_of_no_secrets, layout_twisted_cross, hell_entry,
          mu_enter_wizlab_5, nzn_hepliaklqana_mist_gate, pan_entry,
          yredelemnul_altar_generic, minmay_staircase_bubble,
          serial_bayou_shore_b, minmay_shop_grove
Depths:4: box_level_dp, hell_entry, abyss_entry
Depths:5: lemuel_castle_with_subvaults [lemuel_castle_interior_carwin_1],
          layout_cave_pools, enter_ziggurat_c, serial_bayou_pond_b,
          rand_demon_pan_entry_3, hell_entry, serial_bayou_shore_b
Hell
Geh:1:    layout_gehenna_pools_triple
Geh:2:    layout_gehenna_lava_caves
Geh:3:    layout_gehenna_pools_triple
Geh:4:    layout_gehenna_pools_box
Zot:1:    nicolae_moth_party, layout_onion_interference, nzn_ghost_randoct,
          grunt_megastairs_3
Zot:2:    layout_misc_corridors
Zot:3:    layout_onion_interference, lemuel_baited_zot_trap, grunt_ministairs_3,
          bh_zot_lava_cross, grunt_megastairs_1
Zot:4:    lemuel_halls_of_wrath, layout_basic
Zot:5:    layout_gridlike, hangedman_zot_diagonal_lockstep

Skill      XL: |  1  2  3  4  5  6  7  8  9 10 11 12 13 14 15 16 17 18 19 20 21 22 23 24 25 26 27 |
---------------+----------------------------------------------------------------------------------+-----
Fighting       | 1 2 3 4 5 7 8 10 11 12 13 14 15 16 17 18 19 20 21 22 27 | 27.0
Spellcasting   | 4 5 6 8 9 11 12 14 15 16 17 18 19 20 21 22 26 | 26.1
Evocations     | 3 4 6 9 |  9.5
Dodging        | 3 7 10 12 13 14 15 17 | 17.1
Shields        | 4 5 7 8 9 10 11 12 | 12.4
Armour         | 5 9 11 14 | 14.3
Stealth        | 12 | 12.5

Action                   |  1- 3 |  4- 6 |  7- 9 | 10-12 | 13-15 | 16-18 | 19-21 | 22-24 | 25-27 || total
-------------------------+-------+-------+-------+-------+-------+-------+-------+-------+-------++-------
Melee: Dagger            |     4 |    28 |    53 |    59 |    94 |     2 |       |       |       ||   240
       Unarmed           |     1 |       |       |       |       |       |       |       |       ||     1
       Staff             |       |       |       |       |       |     5 |     6 |    10 |    15 ||    36
 Cast: Freeze            |    53 |    36 |       |     4 |    17 |       |     8 |       |       ||   118
       Frozen Ramparts   |       |     9 |    21 |    30 |    57 |     6 |    15 |    12 |    10 ||   160
       Shock             |       |    16 |     7 |    69 |    59 |    44 |    47 |    22 |    28 ||   292
       Static Discharge  |       |       |   103 |    97 |    46 |     3 |     2 |       |       ||   251
       Portal Projectile |       |       |     3 |     1 |       |     3 |    18 |    16 |     5 ||    46
       Ozocubu's Armour  |       |       |     5 |    18 |    34 |     3 |    17 |    33 |    38 ||   148
       Hailstorm         |       |       |     7 |    52 |    68 |    20 |     2 |     1 |     7 ||   157
       Passage of Golubr |       |       |     3 |       |       |       |       |       |       ||     3
       Cause Fear        |       |       |       |     1 |     2 |    13 |       |     4 |    10 ||    30
       Freezing Cloud    |       |       |       |       |   142 |   195 |    80 |    44 |    81 ||   542
       Iron Shot         |       |       |       |       |    53 |   355 |   435 |   460 |  1232 ||  2535
       Eringya's Noxious |       |       |       |       |       |    16 |     9 |    16 |    20 ||    61
       Infestation       |       |       |       |       |       |       |     2 |   159 |   498 ||   659
       Death's Door      |       |       |       |       |       |       |       |       |     8 ||     8
       Shatter           |       |       |       |       |       |       |       |       |    21 ||    21
       Borgnjor's Revivi |       |       |       |       |       |       |       |       |     2 ||     2
Invok: Curse Item        |       |       |     2 |       |     4 |     1 |     2 |     1 |     2 ||    12
       Shatter the Chain |       |       |       |       |       |     1 |     1 |       |     3 ||     5
Evoke: Wand              |       |       |       |       |       |       |       |       |     2 ||     2
  Use: Scroll            |       |       |       |     1 |       |     5 |     5 |     2 |     8 ||    21
       Potion            |       |       |       |       |     3 |       |     4 |     5 |    23 ||    35
 Stab: Sleeping          |       |     1 |     1 |       |       |       |       |       |       ||     2
Armor: Robe              |     7 |     6 |       |    71 |   106 |    38 |    21 |       |       ||   249
       Leather armour    |       |    12 |    61 |     2 |       |       |    11 |    32 |   143 ||   261
Dodge: Dodged            |    21 |    34 |    75 |   107 |   146 |   133 |   112 |   173 |   683 ||  1484
Block: Kite shield       |       |       |       |       |       |    93 |   151 |   231 |   713 ||  1188
